 Dungeon Crawl Stone Soup version 0.27-a0-1186-g8b4daa1eef (webtiles) character file.

Game seed: 4597175241239513326

3644 lunkers the Magician (level 10, -33/74 HPs)
             Began as a Gnoll Earth Elementalist on May 19, 2021.
             Was a Follower of Cheibriados.
             Annihilated by a boulder beetle (45 damage)
             ... on level 7 of the Dungeon.
             The game lasted 00:15:14 (8230 turns).

lunkers the Magician (Gnoll Earth Elementalist)     Turns: 8230, Time: 00:15:15

Health: -33/74     AC:  5    Str: 10    XL:     10   Next: 12%
Magic:  0/20       EV: 15    Int: 20    God:    Cheibriados [*.....]
Gold:   444        SH:  0    Dex: 14    Spells: 17/23 levels left

rFire    . . .     SeeInvis .   w - staff of earth
rCold    . . .     Faith    .   (no shield)
rNeg     . . .     Spirit   .   B - +2 robe {Will+}
rPois    .         Reflect  .   (no helmet)
rElec    .         Harm     .   (no cloak)
rCorr    .         Rampage  .   (no gloves)
Will     +....                  d - +0 pair of boots
Stlth    +++.......             (no amulet)
HPRegen  0.22/turn              (no ring)
MPRegen  0.17/turn              (no ring)

@: very slow
A: fangs 1, strong nose, distributed training
a: Renounce Religion, Bend Time


You were on level 7 of the Dungeon.
You worshipped Cheibriados.
Cheibriados was aware of your devotion.
You visited 2 branches of the dungeon, and saw 8 of its levels.

You collected 444 gold pieces.

Inventory:

Hand Weapons
 o - a +0 whip of electrocution
Missiles
 m - 82 stones
 n - a throwing net
 D - a curare-tipped dart
Armour
 c - a +0 robe
 d - a +0 pair of boots (worn)
 x - the +1 robe "Biudumno" {*Corrode +Blink rC+}
   (You found it on level 6 of the Dungeon)

   It protects you from cold.
   It lets you blink.
   It may corrode you when you take damage.
 B - a +2 robe of willpower (worn)
Magical Staves
 w - a staff of earth (weapon)
 y - a staff of poison
Jewellery
 b - a ring of positive energy
 f - an amulet of regeneration
 s - a ring of wizardry
Scrolls
 a - a scroll of teleportation
 g - 2 scrolls of immolation
 p - 2 scrolls of identify {unknown}
 v - a scroll of torment {unknown}
 z - 2 scrolls of noise {unknown}
Potions
 e - a potion of haste {unknown}
 h - 3 potions of curing {unknown}
 i - a potion of brilliance {unknown}
 j - a potion of cancellation {unknown}
 k - 3 potions of degeneration {unknown}
 l - a potion of might {unknown}
 q - 2 potions of attraction {unknown}
 r - a potion of lignification {unknown}
 t - a potion of heal wounds {unknown}
 u - 2 potions of invisibility {unknown}
 A - a potion of flight {unknown}
 C - a potion of mutation {unknown}


   Skills:
 + Level 5.0 Fighting
 + Level 5.0 Short Blades
 + Level 5.0 Long Blades
 + Level 5.0 Axes
 + Level 5.0 Maces & Flails
 + Level 5.0 Polearms
 + Level 5.0 Staves
 + Level 5.0 Slings
 + Level 5.0 Bows
 + Level 5.0 Crossbows
 + Level 5.0 Throwing
 + Level 5.0 Armour
 + Level 6.8 Dodging
 + Level 6.5 Stealth
 + Level 5.0 Shields
 + Level 5.0 Unarmed Combat
 + Level 7.1 Spellcasting
 + Level 4.1 Conjurations
 + Level 4.1 Hexes
 + Level 4.1 Summonings
 + Level 4.1 Necromancy
 + Level 4.1 Translocations
 + Level 4.6 Transmutations
 + Level 4.1 Fire Magic
 + Level 4.1 Ice Magic
 + Level 4.1 Air Magic
 + Level 6.9 Earth Magic
 + Level 4.1 Poison Magic
 + Level 5.4 Invocations
 + Level 5.0 Evocations


You had 17 spell levels left.
You knew the following spells:

 Your Spells              Type           Power      Damage    Failure   Level
a - Stone Arrow           Conj/Erth      86%        3d12      3%          3
b - Passwall              Tmut/Erth      37%        N/A       1%          2
c - Sandblast             Erth           100%       2d20      1%          1

Your spell library contained the following spells:

 Spells                   Type           Power      Damage    Failure   Level
 Animate Skeleton         Necr           46%        N/A       1%          1
 Apportation              Tloc           46%        N/A       1%          1
 Corona                   Hex            25%        N/A       1%          1
 Summon Small Mammal      Summ           92%        N/A       1%          1
 Call Imp                 Summ           23%        N/A       2%          2
 Call Canine Familiar     Summ           23%        N/A       5%          3
 Summon Guardian Golem    Hex/Summ       23%        N/A       5%          3
 Petrify                  Tmut/Erth      45%        N/A       9%          4
 Lee's Rapid Deconstruct  Erth           25%        3d15*     16%         5
 Summon Ice Beast         Ice/Summ       23%        N/A       17%         4
 Summon Lightning Spire   Summ/Air       23%        N/A       17%         4


Dungeon Overview and Level Annotations

Branches:
Dungeon (7/15)             Temple (1/1) D:6

Altars:
Ashenzari
Cheibriados
Dithmenos
Elyvilon
Fedhas
Gozag
Hepliaklqana
Makhleb
Nemelex Xobeh
Okawaru
Ru
Sif Muna
Trog
Uskayaw
Vehumet
Wu Jian
Yredelemnul
Zin


Innate Abilities, Weirdness & Mutations

You have very sharp teeth.
Your uncanny sense of smell can sniff out nearby items.
Your experience applies equally to all skills.


Message History

The boulder beetle completely misses you.
Unknown command.
You hit the boulder beetle but do no damage.
The boulder beetle is almost dead.
Unknown command.
You hit the boulder beetle but do no damage.
You bite the boulder beetle, but do no damage.
The boulder beetle is almost dead.
The boulder beetle bites you.
* * * LOW HITPOINT WARNING * * *
Unknown command.
You hit the boulder beetle but do no damage.
The boulder beetle is almost dead.
The boulder beetle bites you.
* * * LOW HITPOINT WARNING * * *
Unknown command.
You hit the boulder beetle but do no damage.
You bite the boulder beetle, but do no damage.
The boulder beetle is almost dead.
The boulder beetle barely misses you.
Unknown command.
Casting: Stone Arrow (dangerous; 3% risk of failure)
Confirm with . or Enter, or press ? or * to list all spells.
Aiming: Sandblast (safe; 1% risk of failure)
Press: ? - help, Shift-Dir - straight line, f/p - boulder beetle
Aim: a boulder beetle (almost dead, 100% to hit)
You feel a surge of power!
The blast of sand hits the boulder beetle!
The boulder beetle is almost dead.
* * * LOW MAGIC WARNING * * *
The boulder beetle bites you!!
* * * LOW HITPOINT WARNING * * *
Unknown command.
You hit the boulder beetle but do no damage.
The boulder beetle is almost dead.
The boulder beetle leaps!
The boulder beetle curls into a ball and begins rolling!
The boulder beetle hits you!!!
Ouch! That really hurt!
You die...

...#......#......>.#########
##........######............
.....................######
####################....#
#####..############'....#
.....##.##..#...#..#.#..#
.#.#.##.##...#.#...#.#.....
....##...##.#...#.##.##.#.#
#.#.##...##..#○#@.#..# .#...
...##.)...###○.B###.## .# ##
.#.##.....##°#.#.# .
..##..†....##...## ∆
#.##.......###.##
†##.........##.#
.##.........##.#
#'##'#########'#
##.##.........##


You could see a boulder beetle (rolling).

Vanquished Creatures
  A boulder beetle (D:7)
  A troll (D:7)
  A wyvern (D:7)
  A shadow (D:7)
  A vampire mosquito (D:7)
  Menkaure (D:5)
  2 ice beasts (D:7)
  A sky beast (D:7)
  A hornet zombie (D:6)
  3 ogres
  3 phantoms
  A kobold brigand (D:7)
  3 bullfrogs
  A gnoll sergeant (D:7)
  A scorpion (D:6)
  A bullfrog zombie (D:6)
  2 centaur zombies
  A gnoll shaman (D:4)
  2 orc priests (D:5)
  2 hounds
  3 jellies
  An iguana (D:4)
  3 orc wizards (D:6)
  7 adders
  6 gnolls
  A white imp (D:7)
  An adder skeleton (D:4)
  3 dart slugs
  A worm (D:4)
  13 orcs
  3 ball pythons
  11 endoplasms
  5 giant cockroaches
  8 goblins
  10 hobgoblins
  8 jackals
  3 quokkas
  2 bats (D:1)
  7 frilled lizards
  11 kobolds
  8 rats
145 creatures vanquished.

Notes
Turn   | Place    | Note
-------+----------+-------------------------------------------
     0 | D:1      | lunkers the Gnoll Earth Elementalist began the quest for
                  | the Orb.
     0 | D:1      | Reached XP level 1. HP: 13/13 MP: 6/6
   171 | D:1      | Reached XP level 2. HP: 19/19 MP: 5/7
   171 | D:1      | Found a faded altar of an unknown god.
   522 | D:1      | Reached XP level 3. HP: 24/25 MP: 2/9
   629 | D:1      | Reached skill level 5 in Spellcasting
   897 | D:2      | Reached skill level 1 in Invocations
  1191 | D:2      | Reached skill level 1 in Fighting
  1191 | D:2      | Reached skill level 1 in Short Blades
  1191 | D:2      | Reached skill level 1 in Long Blades
  1191 | D:2      | Reached skill level 1 in Axes
  1191 | D:2      | Reached skill level 1 in Maces & Flails
  1191 | D:2      | Reached skill level 1 in Polearms
  1191 | D:2      | Reached skill level 1 in Staves
  1191 | D:2      | Reached skill level 1 in Slings
  1191 | D:2      | Reached skill level 1 in Bows
  1191 | D:2      | Reached skill level 1 in Crossbows
  1191 | D:2      | Reached skill level 1 in Throwing
  1191 | D:2      | Reached skill level 1 in Armour
  1191 | D:2      | Reached skill level 1 in Shields
  1191 | D:2      | Reached skill level 1 in Unarmed Combat
  1191 | D:2      | Reached skill level 1 in Evocations
  1191 | D:2      | Reached XP level 4. HP: 32/32 MP: 8/11
  1768 | D:2      | Learned a level 2 spell: Passwall
  1772 | D:2      | Learned a level 3 spell: Stone Arrow
  2168 | D:3      | Reached skill level 1 in Conjurations
  2168 | D:3      | Reached skill level 1 in Hexes
  2168 | D:3      | Reached skill level 1 in Summonings
  2168 | D:3      | Reached skill level 1 in Necromancy
  2168 | D:3      | Reached skill level 1 in Translocations
  2168 | D:3      | Reached skill level 1 in Fire Magic
  2168 | D:3      | Reached skill level 1 in Ice Magic
  2168 | D:3      | Reached skill level 1 in Air Magic
  2168 | D:3      | Reached skill level 1 in Poison Magic
  2779 | D:4      | Reached XP level 5. HP: 37/37 MP: 8/12
  3394 | D:4      | Noticed a phantom
  3401 | D:4      | Killed a phantom
  3402 | D:4      | Reached XP level 6. HP: 44/44 MP: 0/13
  3776 | D:4      | Reached skill level 5 in Dodging
  4203 | D:4      | Found an iron altar of Okawaru.
  4211 | D:5      | Entered Level 5 of the Dungeon
  4341 | D:5      | Found an opulent altar of Gozag.
  4493 | D:5      | Noticed Menkaure
  4500 | D:5      | Killed Menkaure
  4501 | D:5      | Reached XP level 7. HP: 49/50 MP: 0/15
  4642 | D:5      | Found a blossoming altar of Fedhas.
  5040 | D:5      | Found a sacrificial altar of Ru.
  5081 | D:5      | Reached skill level 5 in Stealth
  5329 | D:6      | Reached XP level 8. HP: 57/57 MP: 9/16
  5456 | D:6      | Found a staircase to the Ecumenical Temple.
  5476 | Temple   | Entered the Ecumenical Temple
  5565 | Temple   | Became a worshipper of Cheibriados the Contemplative
  5686 | D:6      | Identified the +1 robe "Biudumno" {*Corrode +Blink rC+}
  5913 | D:6      | Reached skill level 6 in Spellcasting
  5951 | D:6      | Found a glowing silver altar of Zin.
  5951 | D:6      | Found a hazy altar of Hepliaklqana.
  6509 | D:6      | Found a shimmering blue altar of Sif Muna.
  6530 | D:6      | Reached XP level 9. HP: 65/65 MP: 5/18
  7164 | D:7      | Found a shadowy altar of Dithmenos.
  7292 | D:7      | Noticed a boulder beetle
  7452 | D:7      | Reached * piety under Cheibriados
  7569 | D:7      | Noticed a boulder beetle
  7933 | D:7      | Noticed a troll
  7935 | D:7      | Killed a troll
  7936 | D:7      | Reached skill level 5 in Invocations
  8082 | D:7      | Killed a boulder beetle
  8083 | D:7      | Reached skill level 5 in Fighting
  8083 | D:7      | Reached skill level 5 in Short Blades
  8083 | D:7      | Reached skill level 5 in Long Blades
  8083 | D:7      | Reached skill level 5 in Axes
  8083 | D:7      | Reached skill level 5 in Maces & Flails
  8083 | D:7      | Reached skill level 5 in Polearms
  8083 | D:7      | Reached skill level 5 in Staves
  8083 | D:7      | Reached skill level 5 in Slings
  8083 | D:7      | Reached skill level 5 in Bows
  8083 | D:7      | Reached skill level 5 in Crossbows
  8083 | D:7      | Reached skill level 5 in Throwing
  8083 | D:7      | Reached skill level 5 in Armour
  8083 | D:7      | Reached skill level 5 in Shields
  8083 | D:7      | Reached skill level 5 in Unarmed Combat
  8083 | D:7      | Reached skill level 7 in Spellcasting
  8083 | D:7      | Reached skill level 5 in Evocations
  8083 | D:7      | Reached XP level 10. HP: 59/74 MP: 2/20
  8230 | D:7      | Annihilated by a boulder beetle

Illustrated notes

Levels and vault maps discovered:
D:1:      kilobyte_arrival_exit_the_forest, layout_rooms,
          chequers_ecumenical_altar_simple
D:2:      layout_loops_corners
D:3:      layout_loops_ring, grunt_decor_junction, kennysheep_generic_room_4
D:4:      layout_basic, general_overflow_altar, minivault_24
D:5:      layout_cave_pools, overflow_temple_1_default, grunt_gozag_breadcrumbs,
          amcnicky_altar_gilded, uniq_menkaure
D:6:      layout_rooms, led_sif_pool, gammafunk_temple_overflow_elements,
          minmay_temple_entry_wispy, grunt_ministairs_12
D:7:      minmay_the_grid_triangle_9x9_rhombus_full
          [minmay_the_grid_triangle_9x9_flanged_cone,
          minmay_the_grid_triangle_9x9_warning,
          minmay_the_grid_triangle_9x9_zippers_vertical,
          minmay_the_grid_triangle_9x9_empty,
          minmay_the_grid_triangle_9x9_sparse_checkered,
          minmay_the_grid_triangle_9x9_swiss_cheese,
          minmay_the_grid_triangle_9x9_intruding_spiral,
          minmay_the_grid_triangle_9x9_prize_schism], layout_basic,
          marbit_many_paths, old_standard_altar, serial_shops,
          nicolae_shop_window_shopping, uniq_duvessa
Temple:   zaba_magenta_temple

Skill      XL: |  1  2  3  4  5  6  7  8  9 |
---------------+----------------------------+-----
Transmutations | 2 3 4 |  4.6
Spellcasting   | 5 6 7 |  7.1
Invocations    | 1 2 3 4 5 |  5.4
Fighting       | 1 2 3 5 |  5.0
Short Blades   | 1 2 3 5 |  5.0
Long Blades    | 1 2 3 5 |  5.0
Axes           | 1 2 3 5 |  5.0
Maces & Flails | 1 2 3 5 |  5.0
Polearms       | 1 2 3 5 |  5.0
Staves         | 1 2 3 5 |  5.0
Slings         | 1 2 3 5 |  5.0
Bows           | 1 2 3 5 |  5.0
Crossbows      | 1 2 3 5 |  5.0
Throwing       | 1 2 3 5 |  5.0
Armour         | 1 2 3 5 |  5.0
Shields        | 1 2 3 5 |  5.0
Unarmed Combat | 1 2 3 5 |  5.0
Evocations     | 1 2 3 5 |  5.0
Conjurations   | 1 2 3 4 |  4.1
Hexes          | 1 2 3 4 |  4.1
Summonings     | 1 2 3 4 |  4.1
Necromancy     | 1 2 3 4 |  4.1
Translocations | 1 2 3 4 |  4.1
Fire Magic     | 1 2 3 4 |  4.1
Ice Magic      | 1 2 3 4 |  4.1
Air Magic      | 1 2 3 4 |  4.1
Poison Magic   | 1 2 3 4 |  4.1
Dodging        | 5 6 |  6.8
Stealth        | 5 6 |  6.5
Earth Magic    | 6 |  6.9

Action                   |  1- 3 |  4- 6 |  7- 9 | 10-12 || total
-------------------------+-------+-------+-------+-------++-------
Melee: Whip              |       |     5 |     6 |       ||    11
       Unarmed           |       |     3 |       |       ||     3
       Staff             |       |       |    18 |     6 ||    24
       Bite              |       |       |     1 |     2 ||     3
 Cast: Sandblast         |    50 |    27 |     6 |     1 ||    84
       Stone Arrow       |       |    46 |    87 |     7 ||   140
  Use: Scroll            |       |       |     3 |       ||     3
Armor: Robe              |     2 |     4 |    28 |     1 ||    35
Dodge: Dodged            |     8 |    10 |    34 |     4 ||    56

Table legend: (Time is in decaauts)
 A = Elapsed time spent in this place.
 B = Non-inter-level travel time spent in this place.
 C = Inter-level travel time spent in this place.
 D = Time resting spent in this place.
 E = Time spent auto-exploring this place.
 F = Levels seen in this place.
 G = Mean time per level.
                   A        B        C        D        E       F      G
               +--------+--------+--------+--------+--------+-----+--------+
         Total |   8578 |   8360 |    218 |    364 |   6957 |   8 | 1072.2 |
       Dungeon |   8464 |   8280 |    184 |    364 |   6903 |   7 | 1209.1 |
        Temple |    113 |     79 |     34 |      0 |     54 |   1 |  113.0 |
               +--------+--------+--------+--------+--------+-----+--------+

Top non-repeatable levels by time:
     D:7: 1703 daAuts
     D:4: 1643 daAuts
     D:6: 1538 daAuts
     D:2: 915 daAuts
     D:5: 904 daAuts
     D:1: 886 daAuts
     D:3: 871 daAuts
  Temple: 113 daAuts
